 Dungeon Sprint DCSS version 0.30.1-11-g7821555f0a (webtiles) character file.

Game seed: 8531898217393686509

7 Heoruswealwe the Trooper (level 1, -3/20 HPs)
             Began as a Minotaur Fighter on Nov 3, 2023.
             Slain by an iguana (8 damage)
             ... in the Dungeon (Sprint IX: "|||||||||||||||||||||||||||||").
             The game lasted 00:00:24 (24 turns).

Heoruswealwe the Trooper (Minotaur Fighter)           Turns: 24, Time: 00:00:24

Health: -3/20      AC:  7    Str: 20    XL:     1   Next: 83%
Magic:  0/0        EV:  9    Int:  5    God:
Gold:   0          SH:  4    Dex:  9    Spells: 0/0 levels left

rFire   . . .        a - +0 trident
rCold   . . .        d - +0 buckler
rNeg    . . .        c - +0 scale mail
rPois   .            (helmet restricted)
rElec   .            (no cloak)
rCorr   .            (no gloves)
SInv    .            (no boots)
Will    .....        (no amulet) Stlth
                     (no ring)
HPRegen 0.23/turn    (no ring)
MPRegen 0.07/turn

%: no teleportation
@: no status effects
A: horns 2, retaliatory headbutt
a: no special abilities


You were in the Dungeon.
You visited 1 branch

Inventory:

Hand Weapons
 a - a +0 trident (weapon)
Armour
 c - a +0 scale mail (worn)
 d - a +0 buckler (worn)
Potions
 b - a potion of might
 e - a potion of curing
 f - a potion of heal wounds
 g - a potion of haste
 i - a potion of berserk rage


   Skills:
 + Level 4.3 Fighting
 * Level 4.0 Polearms
 + Level 4.2 Armour
 - Level 3.6 Shields


You couldn't memorise any spells.
You didn't know any spells.
Your spell library was empty.

Dungeon Overview and Level Annotations

Branches:
Dungeon (1/1)

Altars:


Innate Abilities, Weirdness & Mutations

You have a pair of horns on your head.
You reflexively headbutt those who attack you in melee.


Message History

You miss the frilled lizard. The frilled lizard barely misses you.
You hit the frilled lizard.
You kill the frilled lizard!
You block the ball python's attack. The ball python grabs you.
The ball python constricts you.
You hit the ball python. You headbutt the ball python.
You kill the ball python!
Your Fighting skill increases to level 4!
Your Armour skill increases to level 4!
You puncture the goblin!
You kill the goblin!
The dart slug launches a dart at you.
The slug dart hits you but does no damage.
There is an open door to the Dungeon, spattered with blood here.
Things that are here:
a +0 dagger; a goblin corpse You puncture the dart slug!
You headbutt the dart slug.
You kill the dart slug!
Your Polearms skill increases to level 4!
You see here a dart slug corpse.
There is an open door to the Dungeon, spattered with blood here.
Things that are here:
a +0 dagger; a goblin corpse You see here a dart slug corpse.
You open the door.
A sleepcap, a jelly, a scorpion, an orc and an iguana come into view.
The jelly quivers.
The orc shouts!
The iguana hisses angrily.
The jelly jiggles.
The sleepcap releases spores at you.
You are engulfed in a cloud of soporific spores!
You fall asleep.
The sleepcap releases spores at you!
You wake up.
Ouch! That really hurt!
* * * LOW HITPOINT WARNING * * *
Blink to where?
Press: ? - help, Dir - move target
As you read the scroll of blinking, it crumbles to dust.
The iguana bites you!
You die...

▓.▓
▓§▓
▓f▓
▓J▓
▓s▓
▓.▓
▓o▓
▓l▓
▓@▓
▓+▓


You could see a sleepcap, a scorpion, an iguana, a jelly and an orc.

Vanquished Creatures
  A dart slug (D)
  A goblin (D)
  A quokka (D)
  A ball python (D)
  A frilled lizard (D)
5 creatures vanquished.

Notes
Turn   | Place    | Note
-------+----------+-------------------------------------------
     0 | D        | Heoruswealwe the Minotaur Fighter began the quest for the
                  | Orb.
     0 | D        | Reached XP level 1. HP: 19/19 MP: 0/0
    20 | D        | Noticed a sleepcap
    20 | D        | Noticed a jelly
    20 | D        | Noticed a scorpion
    20 | D        | Noticed an iguana
    24 | D        | Slain by an iguana

Illustrated notes

Levels and vault maps discovered:
D:        linesprint [early_d, line_temple, items_1, d_10, items_2, lair_1,
          lair_end, items_3, orc_1, orc_end, items_4, d_15, swamp_1, shoals_1,
          snake_1, spider_1, d_20, vaults_1, items_5, swamp_end, shoals_end,
          snake_end, spider_end, vaults_end, d_27, items_6, zot_1, zot_end,
          crypt_end, forest_end, elf_end, slime_end, tomb_end, abyss_end,
          pan_hell_end]

Skill      XL: |  1 |
---------------+----+-----
Polearms       | 4 |  4.0
Fighting       | 4 |  4.3
Armour         | 4 |  4.2
Shields        | |  3.6

Action                     || total
---------------------------++-------
  Melee: Trident           ||     7
         Headbutt          ||     2
    Use: Scroll            ||     1
 Armour: Scale mail        ||     2
  Dodge: Dodged            ||     1
  Block: Buckler           ||     1
